PAA
MERCER ISLAND SCREAMING EAGLES @ SUN PRAIRIE SWALLOWS
09/05/2023
 
TOP OF THE 1ST
Mercer Island Screaming Eagles batting - Pitching for Sun Prairie Swallows : RHP Ernest Gunter
Pitching: RHP Ernest Gunter
Batting: RHB Jason Ruffin 0-0: Reached on error, E5 (Groundball, 5)
Batting: RHB Dong-po Tien 0-0: Called Strike
0-1: Ball
1-1: Ball
2-1: Ball
3-1: Fly out, F9 (Flyball, 9LM)
Batting: RHB Seon-keun Kim 0-0: Called Strike
0-1: Ball
1-1: Ball
2-1: Called Strike
2-2: Ground out 5-3 (Groundball, 56S)
Jason Ruffin to second
Batting: RHB Shawn McCormack 0-0: Foul Ball, location: 2F
0-1: Swinging Strike
0-2: Ball
1-2: Ball
2-2: Foul Ball, location: 2F
2-2: Strikes out looking
Top of the 1st over - 0 run(s), 0 hit(s), 1 error(s), 1 left on base; Mercer Island 0 - Sun Prairie 0
BOTTOM OF THE 1ST
Sun Prairie Swallows batting - Pitching for Mercer Island Screaming Eagles : RHP Wally Wilkerson
Pitching: RHP Wally Wilkerson
Batting: RHB José Silva 0-0: SINGLE (Line Drive, 8LS)
Batting: RHB Bob Wilson 0-0: Ball
1-0: Foul Ball, location: 2F
1-1: Ball
2-1: Foul Ball, location: 2F
2-2: Foul Ball, location: 2F
2-2: Foul Ball, location: 2F
2-2: Strikes out swinging
Batting: RHB Luis Tapia 0-0: Called Strike
0-1: Ball
1-1: Ball
2-1: Ball
3-1: Base on Balls
José Silva to second
Batting: SHB Chris Murray 0-0: Ball
Luis Tapia is caught stealing 2nd base
1-0: Fly out, F7 (Flyball, 7M)
Bottom of the 1st over - 0 run(s), 1 hit(s), 0 error(s), 1 left on base; Mercer Island 0 - Sun Prairie 0
TOP OF THE 2ND
Mercer Island Screaming Eagles batting - Pitching for Sun Prairie Swallows : RHP Ernest Gunter
Batting: RHB Luis Antonio Hernández 0-0: Called Strike
0-1: Called Strike
0-2: Fly out, F5 (Line Drive, 5)
Batting: SHB León Estrada 0-0: Ball
1-0: Fly out, F7 (Flyball, 7M)
Batting: RHB Mike Kelly 0-0: Ball
1-0: Called Strike
1-1: Foul Ball, location: 2F
1-2: SINGLE (Groundball, 15S) (infield hit)
Batting: RHB Leonardo Ramírez 0-0: Called Strike
0-1: Ground out U3 (Groundball, 3S)
Top of the 2nd over - 0 run(s), 1 hit(s), 0 error(s), 1 left on base; Mercer Island 0 - Sun Prairie 0
BOTTOM OF THE 2ND
Sun Prairie Swallows batting - Pitching for Mercer Island Screaming Eagles : RHP Wally Wilkerson
Batting: RHB Darby Carveth 0-0: Called Strike
0-1: Ball
1-1: Ball
2-1: Fly out, F9 (Line Drive, 9LM)
Batting: RHB Marcos Rivera 0-0: Ball
1-0: Called Strike
1-1: Fly out, F9 (Flyball, 9M)
Batting: RHB Reece White 0-0: Called Strike
0-1: Ground out 6-3 (Groundball, 6)
Bottom of the 2nd over - 0 run(s), 0 hit(s), 0 error(s), 0 left on base; Mercer Island 0 - Sun Prairie 0
TOP OF THE 3RD
Mercer Island Screaming Eagles batting - Pitching for Sun Prairie Swallows : RHP Ernest Gunter
Batting: RHB P.J. O'Keefe 0-0: Ball
1-0: Ball
2-0: Foul Ball, location: 2F
2-1: Ground out 1-3 (Groundball, 13)
Batting: RHB Jason Ruffin 0-0: Called Strike
0-1: Foul Ball, location: 2F
0-2: Ball
1-2: Ground out 4-3 (Groundball, 4)
Batting: RHB Dong-po Tien 0-0: Fly out, F7 (Line Drive, 78XD)
Top of the 3rd over - 0 run(s), 0 hit(s), 0 error(s), 0 left on base; Mercer Island 0 - Sun Prairie 0
BOTTOM OF THE 3RD
Sun Prairie Swallows batting - Pitching for Mercer Island Screaming Eagles : RHP Wally Wilkerson
Batting: RHB Alfonso López 0-0: Ball
1-0: Ground out 6-3 (Groundball, 6)
Batting: RHB Joel Frazier 0-0: Called Strike
0-1: Ball
1-1: Fly out, F8 (Flyball, 8LM)
Batting: RHB José Silva 0-0: Called Strike
0-1: Fly out, F8 (Line Drive, 8RXD)
Bottom of the 3rd over - 0 run(s), 0 hit(s), 0 error(s), 0 left on base; Mercer Island 0 - Sun Prairie 0
TOP OF THE 4TH
Mercer Island Screaming Eagles batting - Pitching for Sun Prairie Swallows : RHP Ernest Gunter
Batting: RHB Seon-keun Kim 0-0: Foul Ball, location: 2F
0-1: Fly out, F2 (Popup, 2RF)
Batting: RHB Shawn McCormack 0-0: Called Strike
0-1: Foul Ball, location: 2F
0-2: Fly out, F5 (Popup, 5F)
Batting: RHB Luis Antonio Hernández 0-0: Ball
1-0: Ball
2-0: Ball
3-0: Base on Balls
Batting: SHB León Estrada 0-0: Ball
1-0: Ball
2-0: Ball
3-0: Called Strike
3-1: Base on Balls
Luis Antonio Hernández to second
Batting: RHB Mike Kelly 0-0: Ball
1-0: Fly out, F8 (Line Drive, 8LM)
Top of the 4th over - 0 run(s), 0 hit(s), 0 error(s), 2 left on base; Mercer Island 0 - Sun Prairie 0
BOTTOM OF THE 4TH
Sun Prairie Swallows batting - Pitching for Mercer Island Screaming Eagles : RHP Wally Wilkerson
Batting: RHB Bob Wilson 0-0: Fly out, F4 (Popup, 34D)
Batting: RHB Luis Tapia 0-0: Called Strike
0-1: Ball
1-1: DOUBLE (Flyball, 8LXD)
Batting: SHB Chris Murray 0-0: Ball
1-0: Ground out 6-3 (Groundball, 6M)
Luis Tapia to third
Batting: RHB Darby Carveth 0-0: Called Strike
0-1: Ball
1-1: Called Strike
1-2: Strikes out swinging
Bottom of the 4th over - 0 run(s), 1 hit(s), 0 error(s), 1 left on base; Mercer Island 0 - Sun Prairie 0
TOP OF THE 5TH
Mercer Island Screaming Eagles batting - Pitching for Sun Prairie Swallows : RHP Ernest Gunter
Batting: RHB Leonardo Ramírez 0-0: Ball
1-0: Swinging Strike
1-1: Fly out, F7 (Flyball, 78M)
Batting: RHB P.J. O'Keefe 0-0: Called Strike
0-1: Ball
1-1: Ball
2-1: Called Strike
2-2: SINGLE (Line Drive, 56)
Batting: RHB Jason Ruffin 0-0: Foul Ball, location: 2F
0-1: Ball
1-1: Ball
2-1: Ball
3-1: Fly out, F4 (Popup, 4MD)
Batting: RHB Dong-po Tien 0-0: Called Strike
0-1: Ball
1-1: Ball
2-1: Ball
3-1: Base on Balls
P.J. O'Keefe to second
Batting: RHB Seon-keun Kim 0-0: Ground out 6-3 (Groundball, 6)
Top of the 5th over - 0 run(s), 1 hit(s), 0 error(s), 2 left on base; Mercer Island 0 - Sun Prairie 0
BOTTOM OF THE 5TH
Sun Prairie Swallows batting - Pitching for Mercer Island Screaming Eagles : RHP Wally Wilkerson
Batting: RHB Marcos Rivera 0-0: Ball
1-0: Called Strike
1-1: DOUBLE (Line Drive, 7LS)
Batting: RHB Reece White 0-0: Ball
1-0: Called Strike
1-1: Swinging Strike
1-2: Ball
2-2: Ball
3-2: Foul Ball, location: 2F
3-2: Ground out 6-3 (Groundball, 6)
Batting: RHB Alfonso López 0-0: Called Strike
0-1: Called Strike
0-2: Fly out, F5 (Line Drive, 5L)
Batting: RHB Joel Frazier 0-0: Foul Ball, location: 2F
0-1: Swinging Strike
0-2: Foul Ball, location: 2F
0-2: Strikes out looking
Bottom of the 5th over - 0 run(s), 1 hit(s), 0 error(s), 1 left on base; Mercer Island 0 - Sun Prairie 0
TOP OF THE 6TH
Mercer Island Screaming Eagles batting - Pitching for Sun Prairie Swallows : RHP Ernest Gunter
Batting: RHB Shawn McCormack 0-0: Called Strike
0-1: Ball
1-1: Swinging Strike
1-2: Foul Ball, location: 2F
1-2: Strikes out swinging
Batting: RHB Luis Antonio Hernández 0-0: Called Strike
0-1: Ball
1-1: Ball
2-1: Ground out 6-3 (Groundball, 56)
Batting: SHB León Estrada 0-0: Fly out, F7 (Line Drive, 78D)
Top of the 6th over - 0 run(s), 0 hit(s), 0 error(s), 0 left on base; Mercer Island 0 - Sun Prairie 0
BOTTOM OF THE 6TH
Sun Prairie Swallows batting - Pitching for Mercer Island Screaming Eagles : RHP Wally Wilkerson
Batting: RHB José Silva 0-0: Called Strike
0-1: Swinging Strike
0-2: Ball
1-2: Strikes out looking
Batting: RHB Bob Wilson 0-0: Ball
1-0: Foul Ball, location: 2F
1-1: Ground out 5-3 (Groundball, 5L)
Batting: RHB Luis Tapia 0-0: DOUBLE (Line Drive, 5L)
Batting: SHB Chris Murray 0-0: Intentional Walk
Batting: RHB Darby Carveth 0-0: Fly out, F8 (Flyball, 8RM)
Bottom of the 6th over - 0 run(s), 1 hit(s), 0 error(s), 2 left on base; Mercer Island 0 - Sun Prairie 0
TOP OF THE 7TH
Mercer Island Screaming Eagles batting - Pitching for Sun Prairie Swallows : RHP Ernest Gunter
Pinch Hitting: SHB Miguel Pérez 0-0: Ball
1-0: Ground out 3-1 (Groundball, 34)
Batting: RHB Leonardo Ramírez 0-0: Ball
1-0: Foul Ball, location: 2F
1-1: Fly out, F8 (Flyball, 8RM)
Pinch Hitting: SHB Javier Gonzáles 0-0: Called Strike
0-1: Ball
1-1: Ball
2-1: Swinging Strike
2-2: Ball
3-2: Base on Balls
Pitching: RHP Il-gyung Kim
Batting: RHB Jason Ruffin Pickoff Throw to First - Out!
Top of the 7th over - 0 run(s), 0 hit(s), 0 error(s), 0 left on base; Mercer Island 0 - Sun Prairie 0
BOTTOM OF THE 7TH
Sun Prairie Swallows batting - Pitching for Mercer Island Screaming Eagles : RHP Wally Wilkerson
Now at 2B: Miguel Pérez
Now in RF: Javier Gonzáles
Batting: RHB Marcos Rivera 0-0: Called Strike
0-1: Ball
1-1: Swinging Strike
1-2: Ball
2-2: Strikes out swinging
Pinch Hitting: LHB Bobby Moore 0-0: DOUBLE (Line Drive, 9LM)
Pinch Hitting: RHB Scott Forrest 0-0: Ball
1-0: Ball
2-0: Ball
3-0: Base on Balls
Pinch Hitting: RHB Jim Unknown 0-0: Swinging Strike
0-1: Called Strike
0-2: Ball
1-2: Strikes out swinging
Batting: RHB José Silva 0-0: Fielders Choice at 2nd, 6-4 (Groundball, 6)
Bottom of the 7th over - 0 run(s), 1 hit(s), 0 error(s), 1 left on base; Mercer Island 0 - Sun Prairie 0
TOP OF THE 8TH
Mercer Island Screaming Eagles batting - Pitching for Sun Prairie Swallows : RHP Il-gyung Kim
Now at 2B: Dan Hart
Now in LF: Jim Unknown
Now in RF: Bobby Moore
Batting: RHB Jason Ruffin 0-0: Called Strike
0-1: Foul Ball, location: 2F
0-2: Foul Ball, location: 2F
0-2: Ball
1-2: Foul Ball, location: 2F
1-2: Ball
2-2: Ground out 5-3 (Groundball, 5)
Batting: RHB Dong-po Tien 0-0: Ball
1-0: Ball
2-0: Foul Ball, location: 2F
2-1: Ball
3-1: Fly out, F4 (Popup, 34D)
Batting: RHB Seon-keun Kim 0-0: Ball
1-0: Fly out, F8 (Line Drive, 8LS)
Top of the 8th over - 0 run(s), 0 hit(s), 0 error(s), 0 left on base; Mercer Island 0 - Sun Prairie 0
BOTTOM OF THE 8TH
Sun Prairie Swallows batting - Pitching for Mercer Island Screaming Eagles : RHP Wally Wilkerson
Pinch Hitting: SHB Christos Galpin 0-0: Ball
1-0: SINGLE (Line Drive, 78S)
Batting: RHB Luis Tapia 0-0: Ball
1-0: Grounds into double play, 6-4-3 (Groundball, 6)
Batting: SHB Chris Murray 0-0: Ball
1-0: Ball
2-0: Called Strike
2-1: Ball
3-1: Foul Ball, location: 2F
3-2: Fly out, F7 (Flyball, 78M)
Bottom of the 8th over - 0 run(s), 1 hit(s), 0 error(s), 0 left on base; Mercer Island 0 - Sun Prairie 0
TOP OF THE 9TH
Mercer Island Screaming Eagles batting - Pitching for Sun Prairie Swallows : RHP Il-gyung Kim
Pitching: RHP Josh Parker
Now at SS: Aurelio Costello
Pinch Hitting: RHB Logan Cole 0-0: Ball
1-0: Ball
2-0: Ball
3-0: Called Strike
3-1: Foul Ball, location: 2F
3-2: Foul Ball, location: 2F
3-2: SINGLE (Line Drive, 5)
Batting: RHB Luis Antonio Hernández 0-0: Ball
1-0: Foul Ball, location: 2F
1-1: Swinging Strike
1-2: Ball
2-2: Grounds into double play, U6-3 (Groundball, 6M)
Batting: SHB León Estrada 0-0: Called Strike
0-1: Fly out, F6 (Popup, 56D)
Top of the 9th over - 0 run(s), 1 hit(s), 0 error(s), 0 left on base; Mercer Island 0 - Sun Prairie 0
BOTTOM OF THE 9TH
Sun Prairie Swallows batting - Pitching for Mercer Island Screaming Eagles : RHP Wally Wilkerson
Pitching: RHP Jim Roberts
Now in CF: Ron Gérard
Batting: RHB Darby Carveth 0-0: Fly out, F8 (Flyball, 8LM)
Batting: RHB Marcos Rivera 0-0: Ground out 1-3 (Groundball, 13)
Batting: LHB Bobby Moore 0-0: Called Strike
0-1: Swinging Strike
0-2: Strikes out looking
Bottom of the 9th over - 0 run(s), 0 hit(s), 0 error(s), 0 left on base; Mercer Island 0 - Sun Prairie 0
TOP OF THE 10TH
Mercer Island Screaming Eagles batting - Pitching for Sun Prairie Swallows : RHP Josh Parker
Batting: SHB Miguel Pérez 0-0: Ball
1-0: Ground out 4-3 (Groundball, 34)
Pinch Hitting: LHB Nelson Plasenia 0-0: Ball
1-0: Ball
2-0: Ball
3-0: Called Strike
3-1: Called Strike
3-2: SINGLE (Line Drive, 6MD)
Batting: SHB Javier Gonzáles 0-0: Ball
1-0: Ball
2-0: Ball
3-0: Base on Balls
Nelson Plasenia to second
Batting: RHB Jason Ruffin 0-0: Called Strike
0-1: Ball
1-1: Foul Ball, location: 2F
1-2: Ball
2-2: Foul Ball, location: 2F
2-2: Ball
3-2: Base on Balls
Nelson Plasenia to third
Javier Gonzáles to second
Batting: RHB Dong-po Tien 0-0: Ball
1-0: DOUBLE (Flyball, 9LS)
Nelson Plasenia scores
Javier Gonzáles scores
Jason Ruffin to third
Batting: RHB Seon-keun Kim 0-0: Intentional Walk
Pitching: RHP Emory Bryant
Batting: RHB Ron Gérard 0-0: Called Strike
0-1: Ball
1-1: SINGLE (Line Drive, 89S)
Jason Ruffin scores
Dong-po Tien to third
Seon-keun Kim to second
Runner from 3rd tries for Home, throw and OUT!
Batting: RHB Luis Antonio Hernández 0-0: Ball
1-0: Foul Ball, location: 2F
1-1: Ball
2-1: Foul Ball, location: 2F
2-2: SINGLE (Line Drive, 6D)
Seon-keun Kim to third
Ron Gérard to second
Batting: SHB León Estrada 0-0: Ball
1-0: Ball
2-0: Ball
3-0: Called Strike
3-1: Base on Balls
Seon-keun Kim scores
Ron Gérard to third
Luis Antonio Hernández to second
Batting: SHB Miguel Pérez 0-0: Called Strike
0-1: Ball
1-1: Swinging Strike
1-2: Ball
2-2: Foul Ball, location: 2F
2-2: Ball
3-2: Base on Balls
Ron Gérard scores
Luis Antonio Hernández to third
León Estrada to second
Batting: LHB Nelson Plasenia 0-0: Ball
1-0: Swinging Strike
1-1: Swinging Strike
1-2: Foul Ball, location: 2F
1-2: Ball
2-2: Strikes out swinging
Top of the 10th over - 5 run(s), 4 hit(s), 0 error(s), 3 left on base; Mercer Island 5 - Sun Prairie 0
BOTTOM OF THE 10TH
Sun Prairie Swallows batting - Pitching for Mercer Island Screaming Eagles : RHP Jim Roberts
Now at 2B: Juan Alba
Batting: RHB Dan Hart 0-0: Foul Ball, location: 2F
0-1: Swinging Strike
0-2: Strikes out swinging
Batting: RHB Jim Unknown 0-0: Ball
1-0: Swinging Strike
1-1: Foul Ball, location: 2F
1-2: Foul Ball, location: 2F
1-2: Foul Ball, location: 2F
1-2: Ball
2-2: Foul Ball, location: 2F
2-2: Ball
3-2: Foul Ball, location: 2F
3-2: Strikes out swinging
Batting: RHB José Silva 0-0: Ground out 5-3 (Groundball, 56S)
Bottom of the 10th over - 0 run(s), 0 hit(s), 0 error(s), 0 left on base; Mercer Island 5 - Sun Prairie 0
This league is powered by Out of the Park Baseball, the baseball management simulation game for PC, Mac and Linux
Friday, July 8th, 2016 - OOTP Baseball 16.9 Build 39